 Dungeon Crawl Stone Soup version 0.32-a0-520-g344ed53f66 (webtiles) character file.

Game seed: 13705909685535611502

30326 pokeman the Sorcerer (level 13, -7/74 HPs)
             Began as a Deep Elf Hedge Wizard on Feb 28, 2024.
             Was an Elder of Vehumet.
             Mangled by a demonic crawler (10 damage)
             ... on level 14 of the Dungeon.
             The game lasted 00:44:27 (17242 turns).

pokeman the Sorcerer (Deep Elf Hedge Wizard)       Turns: 17242, Time: 00:44:27

Health: -7/74      AC: 12    Str:  3    XL:     13   Next: 20%
Magic:  34/40      EV: 15    Int: 28    God:    Vehumet [****..]
Gold:   1550       SH:  8    Dex: 24    Spells: 38/54 levels left

rFire   + . .        n - +1 mace of Skirmishing {elec, Will+ Str-4 Dex+4 Stlth+}
rCold   + . .        F - +2 buckler
rNeg    . . .        U - +0 acid dragon scales
rPois   .            z - +0 helmet
rElec   .            x - scarf "Passieqe" {rC+ rF+, Int+3 Dex+6 SInv}
rCorr   +            k - +0 pair of gloves
SInv    +            v - +1 pair of boots
Will    ++...        (no amulet)
Stlth   ++++         G - ring of flight
HPRegen 0.32/turn    y - +5 ring of evasion
MPRegen 0.27/turn

%: no passive effects
@: about to teleport, flying
A: no striking features
a: Renounce Religion


You were on level 14 of the Dungeon.
You worshipped Vehumet.
Vehumet was greatly pleased with you.
You visited 2 branches of the dungeon, and saw 16 of its levels.

You collected 1628 gold pieces.
You spent 78 gold pieces at shops.

Inventory:

Hand Weapons
 j - the +9 shortbow of Ryebluipp {elec, rElec rF++ Str+2 Stlth-}
   (You found it on level 13 of the Dungeon)

   Str+2:     It affects your strength (+2).
   rF++:      It greatly protects you from fire.
   rElec:     It insulates you from electricity.
   Stlth-:    It makes you less stealthy.
 n - the +1 mace of Skirmishing (weapon) {elec, Will+ Str-4 Dex+4 Stlth+}
   (You found it on level 2 of the Dungeon)

   Str-4:     It affects your strength (-4).
   Dex+4:     It affects your dexterity (+4).
   Will+:     It increases your willpower.
   Stlth+:    It makes you more stealthy.
 E - a +3 dagger of venom
Missiles
 D - 4 throwing nets
Armour
 c - a +2 robe of cold resistance
 k - a +0 pair of gloves (worn)
 v - a +1 pair of boots (worn)
 x - the scarf "Passieqe" (worn) {rC+ rF+, Int+3 Dex+6 SInv}
   (You found it on level 3 of the Dungeon)

   Int+3:     It affects your intelligence (+3).
   Dex+6:     It affects your dexterity (+6).
   SInv:      It lets you see invisible.
 z - a +0 helmet (worn)
 F - a +2 buckler (worn)
 U - +0 acid dragon scales (worn)
Jewellery
 b - a ring of ice
 q - a ring of protection from fire
 y - a +5 ring of evasion (right hand)
 A - a ring of ice
 G - a ring of flight (left hand)
Wands
 g - a wand of flame (15)
 l - a wand of acid (23)
 m - a wand of charming (7)
 o - a wand of polymorph (4)
 J - a wand of digging (2)
 K - a wand of warping (5)
Scrolls
 t - 3 scrolls of revelation
 u - 8 scrolls of teleportation
 H - 10 scrolls of vulnerability {unknown}
 I - 2 scrolls of fog {unknown}
 M - 3 scrolls of blinking {unknown}
 N - a scroll of silence {unknown}
 O - 2 scrolls of enchant weapon {unknown}
 R - a scroll of poison {unknown}
 V - a scroll of brand weapon {unknown}
 W - 2 scrolls of enchant armour {unknown}
Potions
 d - a potion of magic
 e - 6 potions of ambrosia
 f - 11 potions of curing
 h - a potion of haste {unknown}
 i - 3 potions of heal wounds {unknown}
 p - a potion of invisibility {unknown}
 B - 2 potions of experience {unknown}
 C - a potion of lignification {unknown}
 L - a potion of enlightenment {unknown}
 P - 3 potions of degeneration {unknown}
 Q - 3 potions of mutation {unknown}
 T - 3 potions of might {unknown}
Miscellaneous
 a - a phial of floods
 X - a phantom mirror


   Skills:
 - Level 6.0 Fighting
 + Level 5.0 Armour
 - Level 3.0 Dodging
 - Level 3.0 Stealth
 - Level 5.0 Shields
 * Level 21.1 Spellcasting
 - Level 3.1 Conjurations
 - Level 1.1 Summonings
 - Level 1.1 Translocations
 + Level 10.6 Fire Magic
 - Level 1.2 Air Magic
 - Level 2.0 Earth Magic
 - Level 1.1 Alchemy
 - Level 1.1 Evocations


You had 38 spell levels left.
You knew the following spells:

 Your Spells              Type           Power      Damage    Failure   Level
a - Magic Dart            Conj           100%       1d8       1%          1
b - Mephitic Cloud        Conj/Alch/Air  39%        N/A       2%          3
c - Call Imp              Summ           70%        N/A       6%          2
d - Blink                 Tloc           70%        N/A       6%          2
e - Foxfire               Conj/Fire      100%       2x1d9     1%          1
f - Stone Arrow           Conj/Erth      88%        3d12      1%          3
g - Flame Wave            Conj/Fire      61%        2d14      1%          4

Your spell library contained the following spells:

 Spells                   Type           Power      Damage    Failure   Level
 Arcjolt                  Conj/Air       20%        1d30      19%         5
 Kiss of Death            Conj/Necr      100%       2d13      1%          1
 Necrotise                Necr           100%       1d9       6%          1
 Slow                     Hex            100%       N/A       6%          1
 Lesser Beckoning         Tloc           70%        N/A       6%          2
 Cigotuvi's Dreadful Rot  Necr/Alch/Air  66%        N/A       7%          2
 Iskenderun's Mystic Bla  Conj/Tloc      41%        2d9       7%          4
 Gell's Gravitas          Tloc           35%        N/A       12%         3
 Teleport Other           Tloc           35%        N/A       12%         3
 Tukima's Dance           Hex            29%        N/A       19%         3
 Vampiric Draining        Necr           29%        2d8       19%         3
 Yara's Violent Unravell  Hex/Alch       16%        3d8       32%         5
 Passage of Golubria      Tloc           35%        N/A       38%         4
 Dimensional Bullseye     Hex/Tloc       16%        N/A       45%         4
 Martyr's Knell           Necr/Summ      32%        N/A       45%         4
 Curse of Agony           Necr           29%        N/A       87%         5
 Spellforged Servitor     Conj/Summ      20%        N/A       99%         7


Dungeon Overview and Level Annotations

Branches:
Dungeon (15/15)            Temple (1/1) D:5            Lair (0/5) D:8
    Orc (0/2) D:12
 Vaults: D:13-14     Depths: D:15

Altars:
Ashenzari
Cheibriados
Dithmenos
Elyvilon
Fedhas
Gozag
Hepliaklqana
Kikubaaqudgha
Makhleb
Nemelex Xobeh
Okawaru
Qazlal
Ru
Sif Muna
Trog
Uskayaw
Vehumet
Wu Jian
Xom
Yredelemnul
Zin
The Shining One

Shops:
D:4 (   D:5 *

Annotations:
D:6 exclusion: acid dragon
D:9 exclusion: ice dragon
D:12 Rupert


Message History

Unknown command.
You feel ready to blink again.
Things that are here:
7 stones; a giant cockroach corpse
Casting: Blink (safe; 6% risk of failure)
Confirm with . or Enter, or press ? or * to list all spells.
You blink.
A catoblepas comes into view.
Aiming: Warp Space
Press: ? - help, Shift-Dir - straight line, f/p - demonic crawler
Aim: a demonic crawler (covered in acid) Space twists violently!
The rupture engulfs the demonic crawler!
The demonic crawler is moderately wounded.
You feel ready to blink again.
You hear a roar!
You hear a shout! x4; You hear a bellow!
Unknown command.
Aiming: Warp Space
Press: ? - help, Shift-Dir - straight line, p - demonic crawler Space twists violently!
The rupture engulfs the demonic crawler!
The demonic crawler blinks!
The demonic crawler is heavily wounded.
You hear a horrible gurgling sound!
You hear a hideous shriek!
The demonic crawler hits you.
* * * LOW HITPOINT WARNING * * *
You block the demonic crawler's attack. x2
The demonic crawler attacks as it pursues you!
The demonic crawler hits you!
* * * LOW HITPOINT WARNING * * *
The demonic crawler hits you.
* * * LOW HITPOINT WARNING * * *
The demonic crawler hits you.
* * * LOW HITPOINT WARNING * * *
A vault guard opens the door.
A vault guard comes into view. It is wielding a +0 great mace.
As you read the scroll labelled HIZXECR LEXKE, it crumbles to dust.
You feel strangely unstable.
It was a scroll of teleportation.
The demonic crawler hits you!
You die...

#...## #....##p#
#.....#p #.....'
##....# #...##
#..## ##.## ##+##
#.@## ##...##
#.ss####.....##
#....##.......##.
#................
#.##...........#
#............Y.+
####.......(...#
#........)..#
#...........#


You could see 2 vault guards and 2 demonic crawlers.

Vanquished Creatures
  A frost giant (D:9)
  Josephine (D:12)
  Fannar (D:12)
  A centaur warrior (D:13)
  2 boulder beetles
  2 two-headed ogres (D:9)
  Urug (D:11)
  A deep elf pyromancer (D:13)
  An ugly thing (D:11)
  2 manticores
  2 meliai (D:11)
  5 cyclopes
  An ice statue (D:9)
  3 gargoyles
  A rime drake (D:8)
  An unseen horror (D:12)
  A komodo dragon (D:11)
  3 kobold demonologists
  Psyche (D:12)
  5 trolls
  A queen bee (D:11)
  Grinder (D:3)
  4 slime creatures
  Sigmund (D:3)
  10 wraiths
  6 wyverns
  5 shadows
  12 yaks
  A yak (shapeshifter) (D:13)
  A basilisk (D:14)
  A vampire (D:12)
  4 steam dragons
  3 vampire mosquitoes
  6 acid dragons
  Duvessa (D:5)
  19 ice beasts
  2 laughing skulls (D:12)
  A black bear (D:7)
  5 orc warriors
  2 boggarts (D:9)
  A wolf (D:8)
  An ogre (D:5)
  A phantom (D:7)
  4 centaurs
  Blork the orc (D:5)
  2 kobold brigands
  A bullfrog (D:8)
  4 gnoll sergeants
  6 scorpions
  8 wights
  Dowan (D:5)
  42 killer bees
  8 electric eels (D:9)
  2 howler monkeys
  2 bombardier beetles (D:5)
  4 hounds
  A jelly (D:7)
  Crazy Yiuf (D:2)
  8 orc priests
  2 gnoll boudas
  Natasha (thrice) (D:3)
  4 iguanas
  9 orc wizards
  Robin (D:3)
  27 gnolls
  5 adders
  2 white imps (D:7)
  2 ufetubi (D:6)
  3 dart slugs
  A ribbon worm (D:3)
  40 orcs
  5 endoplasms
  9 giant cockroaches
  10 goblins
  6 hobgoblins
  7 quokkas
  5 ball pythons
  10 bats
  A frilled lizard (D:3)
  19 kobolds
  2 rats
393 creatures vanquished.

Vanquished Creatures (collateral kills)
  An ice beast (D:9)
  A wolf (D:8)
  3 killer bees
  A gnoll (D:9)
6 creatures vanquished.

Vanquished Creatures (others)
  A wolf (D:8)
  An orc priest (D:8)
  897 foxfires
899 creatures vanquished.

Grand Total: 1298 creatures vanquished

Notes
Turn   | Place    | Note
-------+----------+-------------------------------------------
     0 | D:1      | pokeman the Deep Elf Hedge Wizard began the quest for the
                  | Orb.
     0 | D:1      | Reached XP level 1. HP: 10/10 MP: 7/7
   389 | D:1      | Reached XP level 2. HP: 16/16 MP: 5/9
  1261 | D:2      | Reached skill level 5 in Spellcasting
  1312 | D:2      | Identified the +1 mace of Skirmishing {elec, Will+ Str-4
                  | Dex+4 Stlth+}
  1361 | D:2      | Reached XP level 3. HP: 20/20 MP: 6/11
  1365 | D:2      | Learned a level 3 spell: Mephitic Cloud
  1368 | D:2      | Learned a level 2 spell: Call Imp
  1371 | D:2      | Learned a level 2 spell: Blink
  1840 | D:2      | Found a runed translucent door.
  1841 | D:2      | Noticed Crazy Yiuf
  1855 | D:2      | Killed Crazy Yiuf
  1856 | D:2      | Reached skill level 1 in Fighting
  1856 | D:2      | Reached skill level 1 in Armour
  1856 | D:2      | Reached XP level 4. HP: 25/25 MP: 1/13
  2137 | D:3      | Noticed Natasha
  2152 | D:3      | Killed Natasha
  2281 | D:3      | Noticed Grinder
  2282 | D:3      | Paralysed by Grinder for 5 turns
  2294 | D:3      | Killed Grinder
  2295 | D:3      | Reached skill level 6 in Spellcasting
  2295 | D:3      | Reached XP level 5. HP: 19/30 MP: 14/16
  2295 | D:3      | Reached XP level 6. HP: 22/35 MP: 14/17
  2523 | D:3      | Identified the scarf "Passieqe" {rC+ rF+, Int+3 Dex+6 SInv}
  2569 | D:3      | Noticed Sigmund
  2577 | D:3      | Noticed Robin
  2588 | D:3      | Killed Sigmund
  2589 | D:3      | Reached skill level 8 in Spellcasting
  2610 | D:3      | Killed Robin
  2611 | D:3      | Reached XP level 7. HP: 25/40 MP: 12/20
  2859 | D:3      | Noticed Natasha
  2863 | D:3      | Killed Natasha
  3116 | D:3      | Noticed Natasha
  3126 | D:3      | Killed Natasha
  3358 | D:4      | Reached skill level 9 in Spellcasting
  3669 | D:4      | Found Ryinumos's Antique Weapon Boutique.
  3831 | D:5      | Entered Level 5 of the Dungeon
  4034 | D:5      | Noticed Blork the orc
  4042 | D:5      | Killed Blork the orc
  4043 | D:5      | Reached skill level 10 in Spellcasting
  4495 | D:5      | Reached XP level 8. HP: 44/44 MP: 21/24
  4505 | D:5      | Reached skill level 1 in Air Magic
  4505 | D:5      | Reached skill level 1 in Alchemy
  4505 | D:5      | Reached skill level 1 in Evocations
  4577 | D:5      | Found Busukk's General Store.
  4586 | D:5      | Bought a scroll of identify for 26 gold pieces
  4586 | D:5      | Bought a scroll of identify for 26 gold pieces
  4586 | D:5      | Bought a scroll of identify for 26 gold pieces
  4630 | D:5      | Found a staircase to the Ecumenical Temple.
  4643 | Temple   | Entered the Ecumenical Temple
  4712 | Temple   | Became a worshipper of Vehumet
  4883 | D:5      | Noticed Duvessa
  4885 | D:5      | Reached skill level 1 in Shields
  4885 | D:5      | Reached skill level 11 in Spellcasting
  4909 | D:5      | Killed Duvessa
  4916 | D:5      | Noticed Dowan
  4926 | D:5      | Killed Dowan
  5852 | D:6      | Reached skill level 12 in Spellcasting
  6461 | D:7      | Reached * piety under Vehumet
  6461 | D:7      | Offered knowledge of Foxfire by Vehumet.
  6473 | D:7      | Reached XP level 9. HP: 21/48 MP: 15/27
  6480 | D:7      | Reached skill level 13 in Spellcasting
  6492 | D:7      | Learned a level 1 spell: Foxfire
  6757 | D:7      | Reached skill level 1 in Fire Magic
  7321 | D:7      | Reached skill level 14 in Spellcasting
  7473 | D:8      | Found a shimmering altar of Xom.
  7473 | D:8      | Found a snail-covered altar of Cheibriados.
  7473 | D:8      | Found an ornate altar of the Wu Jian Council.
  7473 | D:8      | Found a glowing golden altar of the Shining One.
  7513 | D:8      | Noticed a rime drake
  7763 | D:8      | Killed a rime drake
  7783 | D:8      | Reached XP level 10. HP: 56/56 MP: 23/30
  7799 | D:7      | Reached ** piety under Vehumet
  7799 | D:7      | Offered knowledge of Shock by Vehumet.
  7938 | D:8      | Reached skill level 15 in Spellcasting
  8028 | D:8      | Found a staircase to the Lair.
  8427 | D:8      | Found a bloodstained altar of Trog.
  8930 | D:9      | Reached skill level 5 in Fire Magic
  8931 | D:9      | Offered knowledge of Stone Arrow by Vehumet.
  8964 | D:9      | Reached *** piety under Vehumet
  8978 | D:9      | Reached skill level 16 in Spellcasting
  9180 | D:9      | Offered knowledge of Iskenderun's Mystic Blast by Vehumet.
  9455 | D:9      | Noticed a two-headed ogre
  9455 | D:9      | Noticed a two-headed ogre
  9490 | D:9      | Killed a two-headed ogre
  9533 | D:9      | Reached XP level 11. HP: 61/61 MP: 21/33
  9633 | D:9      | Killed a two-headed ogre
  9791 | D:9      | Got the Folio of Corresponding Force
  9796 | D:9      | Learned a level 3 spell: Stone Arrow
  9949 | D:9      | Reached skill level 17 in Spellcasting
 10102 | D:9      | Reached skill level 1 in Earth Magic
 10102 | D:9      | Noticed a frost giant
 10124 | D:9      | Killed a frost giant
 10439 | D:9      | Reached skill level 5 in Armour
 10557 | D:9      | Noticed an ice dragon
 10884 | D:10     | Entered Level 10 of the Dungeon
 10965 | D:10     | Reached **** piety under Vehumet
 11391 | D:10     | Offered knowledge of Flame Wave by Vehumet.
 11400 | D:10     | Learned a level 4 spell: Flame Wave
 11946 | D:11     | Reached skill level 18 in Spellcasting
 12052 | D:11     | Noticed Urug
 12067 | D:11     | Killed Urug
 12189 | D:11     | Identified a scroll of acquirement
 12324 | D:11     | Acquired 826 gold pieces
 12516 | D:11     | Noticed a cyan ugly thing
 12534 | D:11     | Killed a cyan ugly thing
 12676 | D:11     | Noticed a boulder beetle
 12677 | D:11     | Noticed a sun demon
 12678 | D:11     | Noticed a sixfirhy
 12685 | D:10     | Reached XP level 12. HP: 66/66 MP: 29/36
 12729 | D:11     | Killed a boulder beetle
 12927 | D:11     | Reached skill level 19 in Spellcasting
 13115 | D:11     | Reached skill level 5 in Shields
 13259 | D:11     | Reached ***** piety under Vehumet
 13448 | D:11     | Offered knowledge of Arcjolt by Vehumet.
 14327 | D:12     | Found a staircase to the Orcish Mines.
 14441 | D:12     | Noticed Josephine
 14530 | D:12     | Killed Josephine
 14658 | D:12     | Reached skill level 20 in Spellcasting
 14755 | D:12     | Noticed Rupert
 14770 | D:12     | Reached skill level 5 in Fighting
 15086 | D:12     | Noticed Psyche
 15095 | D:12     | Killed Psyche
 15294 | D:12     | Reached skill level 10 in Fire Magic
 15365 | D:12     | Noticed Fannar
 15374 | D:12     | Killed Fannar
 15882 | D:13     | Reached XP level 13. HP: 60/73 MP: 31/39
 16065 | D:13     | Identified the +9 shortbow of Ryebluipp {elec, rElec rF++
                  | Str+2 Stlth-}
 16932 | D:13     | Found a shimmering blue altar of Sif Muna.
 16941 | D:13     | Got Sif Muna's Incunable of Altruism
 16954 | D:13     | You are sucked into a shaft and drop 2 floors!
 16954 | D:15     | Entered Level 15 of the Dungeon
 17048 | D:14     | Found a radiant altar of Vehumet.
 17123 | D:14     | Reached skill level 21 in Spellcasting
 17241 | D:14     | HP: 3/74 [demonic crawler (4)]
 17242 | D:14     | Mangled by a demonic crawler

Illustrated notes

Levels and vault maps discovered:
D:1:      dpeg_arrival_rooms_with_view, layout_loops_cross, minmay_tall_x
D:2:      layout_loops_ring, uniq_crazy_yiuf_cottage
D:3:      layout_rooms, st_stairs_9, grunt_decor_fettered, grunt_ministairs_15,
          uniq_sigmund, uniq_natasha, uniq_grinder, uniq_robin
D:4:      layout_loops_ring, serial_shops, nicolae_shop_tiny_glass
D:5:      layout_basic, minmay_temple_entry_water_ring, serial_shops, shop,
          uniq_blork_the_orc, uniq_duvessa
D:6:      layout_rooms
D:7:      layout_cave_pools
D:8:      layout_basic, mainiacjoe_overflow_small_starburst,
          chequers_temple_overflow_statue_of_worship, hellmonk_lair_entry_icy,
          grunt_decor_clamped
D:9:      minmay_twisted_water, layout_loops_ring, nicolae_phantomly_mirrored
D:10:     layout_basic
D:11:     regret_index_wax_grids, layout_small_grid, uniq_urug
D:12:     layout_roguey, orc_0_dummy, uniq_psyche, uniq_fannar, uniq_josephine,
          uniq_rupert
D:13:     layout_layer_cave, nicolae_sif_muna_little_library
D:14:     layout_roguey, lightli_vaults_fourway_checkpoint,
          nicolae_vehumet_altar_sigil, ebering_ghost_funeral_grove,
          hangedman_parallel_progression
D:15:     hellmonk_depths_entry_around_the_bend, layout_basic,
          dreamdust_princess_bridge, serial_shops, shop, shop,
          nicolae_shop_just_a_little_nook, nicolae_inconvenience_store
Temple:   minmay_temple_bridge_d

Skill      XL: |  1  2  3  4  5  6  7  8  9 10 11 12 13 |
---------------+----------------------------------------+-----
Spellcasting   | 5 6 8 10 12 14 16 18 20 21 | 21.1
Fighting       | 1 2 3 4 5 6 |  6.0
Armour         | 1 2 3 4 5 |  5.0
Conjurations   | 2 3 |  3.1
Stealth        | 3 |  3.0
Dodging        | 3 |  3.0
Air Magic      | 1 |  1.2
Alchemy        | 1 |  1.1
Evocations     | 1 |  1.1
Shields        | 3 4 5 |  5.0
Fire Magic     | 4 6 8 10 | 10.6
Earth Magic    | 2 |  2.0
Summonings     | |  1.1
Translocations | |  1.1

Action                     |  1- 3 |  4- 6 |  7- 9 | 10-12 | 13-15 || total
---------------------------+-------+-------+-------+-------+-------++-------
  Melee: Mace              |     3 |    81 |   119 |    48 |       ||   251
         Dagger            |       |       |       |     3 |     7 ||    10
   Cast: Magic Dart        |    66 |    44 |   145 |    11 |     1 ||   267
         Mephitic Cloud    |     1 |     5 |    34 |    35 |     3 ||    78
         Call Imp          |       |     1 |     6 |     6 |       ||    13
         Foxfire           |       |       |    94 |   404 |       ||   498
         Blink             |       |       |     1 |     2 |     2 ||     5
         Stone Arrow       |       |       |       |   217 |    31 ||   248
         Flame Wave        |       |       |       |     3 |     1 ||     4
  Evoke: Wand              |       |     2 |       |       |     5 ||     7
    Use: Scroll            |       |       |       |    12 |     1 ||    13
   Stab: Confused          |     2 |     3 |    25 |     8 |     3 ||    41
         Distracted        |       |       |     1 |       |       ||     1
         Sleeping          |       |       |       |     1 |       ||     1
 Armour: Robe              |     9 |    35 |       |       |       ||    44
         Animal skin       |       |       |    96 |    12 |       ||   108
         Steam dragon scal |       |       |       |    57 |       ||    57
         Acid dragon scale |       |       |       |    14 |    25 ||    39
  Dodge: Dodged            |     7 |    39 |   113 |   138 |     9 ||   306
         Repelled          |     1 |     1 |     2 |     8 |       ||    12
  Block: Buckler           |       |       |       |    16 |     9 ||    25

Table legend: (Time is in decaauts)
 A = Elapsed time spent in this place.
 B = Non-inter-level travel time spent in this place.
 C = Inter-level travel time spent in this place.
 D = Time resting spent in this place.
 E = Time spent auto-exploring this place.
 F = Levels seen in this place.
 G = Mean time per level.
                   A        B        C        D        E       F      G
               +--------+--------+--------+--------+--------+-----+--------+
         Total |  17352 |  16380 |    972 |    830 |  12715 |  16 | 1084.5 |
       Dungeon |  17181 |  16349 |    832 |    830 |  12715 |  15 | 1145.4 |
        Temple |    171 |     32 |    139 |      0 |      0 |   1 |  171.0 |
               +--------+--------+--------+--------+--------+-----+--------+

Top non-repeatable levels by time:
     D:9: 2195 daAuts
    D:11: 1956 daAuts
    D:12: 1525 daAuts
     D:5: 1503 daAuts
     D:7: 1259 daAuts
    D:10: 1220 daAuts
     D:3: 1188 daAuts
     D:8: 1184 daAuts
    D:13: 1112 daAuts
     D:1: 1045 daAuts
     D:6: 951 daAuts
     D:2: 943 daAuts
     D:4: 807 daAuts
    D:14: 257 daAuts
  Temple: 171 daAuts
